Map: Hard Lead LE

Players

ily - Winner!

  • Race: Terran Terran
  • League: Master
  • Spawn Location: 11:00

zipper

  • Race: Protoss Protoss
  • League: Master
  • Spawn Location: 5:00

VOD

Have the link to the VOD?

Description

Time

  • Played on: Dec. 23, 2023, 9:46 p.m.
  • Length: 8:12
Show
View Real Time Build Order
Export as new Build Order

ily Terran - Winner!

Build Orders:  

Get SALT Encoding   

  12  0:00  SCV  
  13  0:12  SCV  
  14  0:17  Supply Depot  
  14  0:24  SCV  
  15  0:38  SCV  
  15  0:39  Barracks  
  16  0:43  Refinery  
  16  0:50  SCV  
  16  0:52  Refinery  
  17  1:03  SCV  
  18  1:15  SCV  
  19  1:26  Reaper  
  19  1:27  Orbital Command  
  19  1:28  Supply Depot  
  20  1:41  Factory  
  20  1:53  SCV  
  21  1:58  Reaper  
  22  2:05  SCV  
  23  2:19  SCV  
  23  2:20  Command Center  
  24  2:25  Hellion  
  26  2:30  Reaper  
  26  2:32  Supply Depot  
  26  2:35  SCV  
  28  2:47  Hellion, SCV  
  31  3:00  SCV  
  31  3:03  Starport  
  32  3:08  Factory Tech Lab  
  32  3:10  Barracks Reactor  
  32  3:12  SCV  
  33  3:24  SCV  
  34  3:33  Orbital Command  
  34  3:36  SCV  
  34  3:38  Barracks  
  34  3:39  Barracks  
  34  3:41  Siege Tank  
  36  4:00  Marine x2  
  36  4:01  SCV  
  36  4:02  Liberator, SCV  
  39  4:09  Supply Depot  
  40  4:14  SCV x2  
  42  4:17  Siege Tank  
  42  4:20  Marine  
  42  4:23  Marine  
  47  4:26  SCV x2  
  47  4:28  Barracks Tech Lab x2  
  49  4:31  Refinery  
  49  4:35  Engineering Bay  
  49  4:38  Marine, SCV x2  
  51  4:43  Marine  
  53  4:46  Stimpack  
  53  4:50  SCV  
  54  4:53  Marine  
  54  4:54  Marine  
  54  4:55  Combat Shield  
  54  4:56  Marine  
  54  4:58  SCV  
  57  5:01  Marine  
  57  5:02  Starport Reactor, SCV  
  59  5:10  SCV  
  59  5:13  Supply Depot  
  60  5:14  SCV, Refinery  
  60  5:15  Marine  
  60  5:17  Supply Depot  
  62  5:27  Terran Infantry Weapons Level 1, Supply Depot  
  62  5:34  Marine  
  62  5:35  Marauder x2, Marine  
  67  5:38  Supply Depot x2  
  67  5:39  SCV  
  67  5:41  Medivac  
  70  5:47  SCV  
  71  5:51  SCV  
  71  5:52  Siege Tank, Marine  
  71  5:57  Marauder  
  78  5:58  Medivac  
  78  5:59  SCV  
  78  6:01  Marine, Marauder  
  84  6:05  Supply Depot  
  84  6:06  SCV  
  84  6:10  Marine  
  86  6:11  SCV  
  86  6:17  Marine  
  86  6:18  Supply Depot, SCV  
  86  6:21  Medivac  
  86  6:23  SCV  
  86  6:24  Siege Tank  
  92  6:26  Concussive Shells  
  92  6:30  Marauder, Marine, SCV  
  96  6:33  Marine  
  96  6:35  SCV, Marine  
  96  6:38  Medivac  
  101  6:42  SCV  
  102  6:47  Marine  
  102  6:51  Marauder, Marine  
  102  6:53  Marine  
  107  6:55  Command Center  
  107  6:56  Medivac  
  106  7:14  Marauder, Marine x2  
  106  7:15  Marauder  
  112  7:23  Siege Tank  
  115  7:32  Marine x2  
  117  7:40  Supply Depot  
  117  7:45  Marauder  
  117  7:46  Marauder, Supply Depot  
  117  7:47  Supply Depot  
  117  7:51  Barracks  
  112  7:52  Barracks  
Show
View Real Time Build Order
Export as new Build Order

zipper Protoss 

Build Orders: 1 Gate Expand, Blink Stalkers, Colossus Rush 

Get SALT Encoding   

  12  0:00  Probe  
  13  0:12  Probe  
  14  0:18  Pylon  
  14  0:24  Probe  
  15  0:36  Gateway  
  15  0:37  Probe (Chrono Boost)  
  16  0:48  Probe (Chrono Boost)  
  16  0:49  Assimilator  
  17  0:53  Probe (Chrono Boost)  
  18  1:04  Probe  
  19  1:16  Probe  
  20  1:23  Cybernetics Core  
  20  1:28  Probe  
  21  1:37  Nexus  
  21  1:41  Probe  
  22  1:49  Pylon  
  22  1:54  Assimilator  
  22  1:58  Probe  
  23  2:04  Adept (Chrono Boost)  
  24  2:09  Warp Gate  
  24  2:10  Probe  
  26  2:22  Probe  
  26  2:27  Adept  
  26  2:29  Twilight Council  
  28  2:35  Probe  
  29  2:48  Probe  
  29  2:51  Probe  
  31  3:00  Robotics Facility, Probe  
  31  3:03  Probe  
  33  3:08  Stalker  
  33  3:12  Probe  
  36  3:15  Probe  
  37  3:21  Blink (Chrono Boost)  
  37  3:24  Probe  
  38  3:27  Gateway  
  36  3:37  Pylon  
  36  3:38  Pylon  
  36  3:43  Pylon  
  36  4:02  Stalker  
  36  4:03  Immortal (Chrono Boost)  
  40  4:12  Probe x2  
  42  4:21  Robotics Bay  
  42  4:25  Probe  
  42  4:27  Probe  
  42  4:30  Stalker  
  46  4:40  Probe  
  46  4:43  Assimilator  
  46  4:45  Probe  
  48  4:52  Probe  
  49  4:57  Probe  
  50  5:01  Nexus  
  50  5:03  Pylon  
  50  5:04  Probe  
  51  5:08  Observer  
  51  5:12  Charge (Chrono Boost)  
  52  5:19  Probe  
  50  5:21  Stalker  
  50  5:22  Stalker  
  53  5:41  Probe  
  54  5:46  Probe  
  55  5:50  Gateway  
  55  5:52  Gateway  
  55  5:53  Probe  
  55  5:54  Colossus (Chrono Boost)  
  56  5:57  Forge  
  56  5:58  Probe  
  63  6:05  Probe (Chrono Boost)  
  63  6:13  Probe (Chrono Boost)  
  63  6:16  Assimilator  
  63  6:18  Probe (Chrono Boost)  
  62  6:20  Stalker  
  62  6:21  Stalker  
  69  6:25  Probe (Chrono Boost)  
  69  6:26  Probe (Chrono Boost)  
  69  6:27  Probe (Chrono Boost)  
  69  6:32  Probe  
  69  6:34  Probe  
  69  6:37  Probe  
  72  6:44  Probe  
  72  6:46  Probe  
  74  6:52  Pylon  
  74  6:54  Sentry, Shield Battery  
  74  6:55  Stalker x3  
  76  7:20  Zealot x4  
  76  7:21  Nexus  
  76  7:23  Zealot x4  
  84  7:33  Pylon  
  84  7:36  Pylon  
  74  7:58  Stalker x4  
Tags
 
Add a new tag
Caveats
  • Supply blocks, unpowered buildings, or Contaminate may cause inaccurate times.
  • Supply counts are checked every 10 seconds.